 Dungeon Crawl Stone Soup version 0.21.1-1-g345015f (webtiles) character file.

82 Fang the Chopper (level 4, 0/29 HPs)
             Began as a Gargoyle Berserker on June 14, 2018.
             Was a Believer of Trog.
             Slain by Duvessa
             ... wielding a +0 short sword
              (3 damage)
             ... on level 4 of the Dungeon.
             The game lasted 00:01:33 (1543 turns).

Fang the Chopper (Gargoyle Berserker)               Turns: 1543, Time: 00:01:34

Health: 0/29       AC: 10    Str: 21    XL:     4   Next: 43%
Magic:  4/4        EV: 11    Int:  8    God:    Trog [**....]
Gold:   52         SH:  0    Dex:  9    Spells: 3/3 levels left

rFire    . . .     SeeInvis .   a - +1 hand axe
rCold    . . .     Gourm    .   (no shield)
rNeg     + . .     Faith    .   h - +1 ring mail {rPois}
rPois    ∞         Spirit   .   (no helmet)
rElec    +         Reflect  .   (no cloak)
rCorr    .         Harm     .   (no gloves)
MR       .....                  (no boots)
Stlth    +.........             (no amulet)
HPRegen  0.09/turn              d - ring of poison resistance
MPRegen  0.09/turn              (no ring)

@: berserk cooldown, slowed, very slow
A: negative energy resistance 1, electricity resistance, unbreathing,
petrification resistance, rot immunity, AC +3
a: Berserk, Trog's Hand, Burn Spellbooks, Renounce Religion


You were on level 4 of the Dungeon.
You worshipped Trog.
Trog was pleased with you.
You were very hungry.

You visited 1 branch of the dungeon, and saw 3 of its levels.

You collected 52 gold pieces.

Inventory:

Hand Weapons
 a - a +1 hand axe (weapon)
Armour
 h - a +1 ring mail of poison resistance (worn)
Jewellery
 d - a ring of poison resistance (left hand)
Potions
 g - a potion of haste
Comestibles
 c - 3 rations


   Skills:
 + Level 3.6 Fighting
 + Level 3.9 Axes
 + Level 2.8 Armour
 + Level 1.8 Dodging
 + Level 0.5 Stealth


You had 3 spell levels left.
You didn't know any spells.

Dungeon Overview and Level Annotations

Branches:
Dungeon (2/15)

Altars:

Annotations:
D:4 Dowan, Duvessa


Innate Abilities, Weirdness & Mutations

You are resistant to torment.
Your stone body is resilient. (AC +3)
You are immune to poison.
You resist negative energy. (rN+)
You are resistant to electric shocks. (rElec)
You can survive without breathing.
You are immune to petrification.
You are immune to rotting.


Message History

The puff of frost hits you!
As you read the scroll labeled ATADADGH TEUGIPP, it crumbles to dust.
It is a scroll of identify.
g - a potion of haste Duvessa misses you.
Dowan hits you but does no damage.
As you read the scroll labeled YPRERYCSUWUO, it crumbles to dust.
It is a scroll of enchant weapon.
Your +0 hand axe glows red for a moment.
Duvessa hits you with a short sword!
* * * LOW HITPOINT WARNING * * *
Dowan hits you but does no damage. Duvessa hits you but does no damage.
Dowan barely misses you.
As you read the scroll labeled NOYNIXAISO, it crumbles to dust.
It is a scroll of enchant armour.
Your +0 ring mail of poison resistance glows green for a moment.
Duvessa completely misses you. Dowan hits you but does no damage.
Unknown command.
You miss Dowan. You hit Duvessa but do no damage. Duvessa barely misses you.
Dowan closely misses you. Duvessa hits you with a short sword.
You die... ######### #.....e@# #.#####e# oo.

.....
##..###
#..#
#..#
#...


You could see Duvessa, Dowan and 2 orcs.

Vanquished Creatures
  An orc priest (D:4)
  An ooze (D:1)
  A leopard gecko (D:2)
  5 orcs (D:4)
  A giant cockroach (D:1)
  4 goblins
  7 hobgoblins (D:1)
  6 bats (D:1)
  3 frilled lizards (D:1)
  7 kobolds
  6 rats (D:1)
42 creatures vanquished.

Notes
Turn   | Place    | Note
-------+----------+-------------------------------------------
     0 | D:1      | Fang the Gargoyle Berserker began the quest for the Orb.
     0 | D:1      | Reached XP level 1. HP: 14/14 MP: 1/1
   367 | D:1      | Reached XP level 2. HP: 18/19 MP: 2/2
   741 | D:1      | Reached XP level 3. HP: 23/23 MP: 3/3
   779 | D:1      | Reached ** piety under Trog
  1515 | D:2      | You fall through a shaft for 2 floors!
  1523 | D:4      | Noticed Duvessa
  1527 | D:4      | Reached XP level 4. HP: 29/29 MP: 4/4
  1538 | D:4      | Noticed Dowan
  1543 | D:4      | Slain by Duvessa

Skill      XL: |  1 |
---------------+----+-----
Axes           | 3 |  3.9
Fighting       | |  3.6
Armour         | |  2.8
Dodging        | |  1.8
Stealth        | |  0.5

Action                   |  1- 3 |  4- 6 || total
-------------------------+-------+-------++-------
Melee: Hand axe          |   115 |    13 ||   128
Invok: Berserk           |     1 |       ||     1
  Use: Scroll            |       |     3 ||     3
 Stab: Sleeping          |     1 |       ||     1
  Eat: Chunk             |     2 |       ||     2
Armor: Animal skin       |    13 |       ||    13
       Ring mail         |    32 |    11 ||    43
Dodge: Dodged            |    58 |    12 ||    70
